AoeStats
← E-d-d-i-e91G

QS Arena

503510302Analyzed
4v4 RM · 1mo ago on Sep 1, 2026· 81m 39s· 8 players
Game mode
Random Map
Map size
Large (8 player)
Population
200
Speed
Normal
Resources
Standard
Victory
Conquest
Starting age
Dark Age
Ending age
Imperial Age
RankedLock teamsTeams togetherTeam positionsShared explorationLock speedFull tech treeHidden civsTurbo modeCheats
Victory
Defeat
🇫🇷 Bengalis · France
748
+14
🇹🇷 Teutons · Türkiye
709
+16
🇨🇳 Magyars · China
709
+16
🇺🇸 Chinese · United States
697
+17
🇵🇪 Inca · Peru
795
-20
🇦🇷 Huns · Argentina
752
-18
🇦🇺 Spanish · Australia
648
-25
🇦🇺 Huns · Australia
648
-25
Vegeta079042
1:29 Loom
9:04 Feudal Age
10:36 Double-Bit Axe
10:35 Horse Collar
13:19 Stone Mining
13:20 Gold Mining
17:33 Castle Age
16:48 Fletching
16:58 Padded Archer Armor
19:01 Wheelbarrow
19:59 Gold Shaft Mining
20:00 Stone Shaft Mining
19:55 Bow Saw
20:38 Heavy Plow
22:14 Bodkin Arrow
22:34 Leather Archer Armor
27:03 Caravan
27:35 Coinage
28:55 Hand Cart
34:03 Imperial Age
32:11 Ballistics
35:02 Bracer
35:33 Ring Archer Armor
35:31 Conscription
35:13 Great Wall
36:20 Chemistry
35:12 Heated Shot
37:47 Two-Man Saw
36:25 Elite Chu Ko Nu
37:55 Banking
40:32 Rocketry
45:42 Forging
45:33 Scale Mail Armor
58:49 Squires
58:36 Arson
58:13 Elite Fire Lancer
58:15 Man-at-Arms
59:05 Pikeman
60:24 Long Swordsman
60:29 Halberdier
61:04 Two-Handed Swordsman
62:26 Iron Casting
62:06 Chain Mail Armor
62:13 Champion
71:40 Fortified Wall
71:40 Masonry
71:19 Arrowslits
71:25 Guard Tower
71:47 Careening
71:33 Murder Holes
SosoAllstar
8:57 Feudal Age
10:12 Double-Bit Axe
10:09 Horse Collar
12:49 Forging
12:46 Scale Barding Armor
17:18 Castle Age
16:03 Wheelbarrow
17:57 Castle Age
16:57 Gold Mining
18:59 Bloodlines
20:44 Bow Saw
20:36 Heavy Plow
21:14 Iron Casting
21:01 Chain Barding Armor
21:41 Gold Shaft Mining
21:06 Stone Mining
23:34 Hand Cart
26:10 Fervor
30:48 Husbandry
32:44 Fletching
32:54 Padded Archer Armor
35:31 Imperial Age
32:31 Light Cavalry
38:53 Blast Furnace
38:29 Plate Barding Armor
37:50 Bodkin Arrow
38:11 Leather Archer Armor
37:19 Elite Battle Elephant
37:30 Elite Elephant Archer
37:34 Siege Elephant
57:29 Paiks
61:32 Mahayana
61:33 Conscription
SheriffLoyd
1:16 Loom
11:39 Feudal Age
12:25 Double-Bit Axe
12:25 Horse Collar
12:45 Stone Mining
12:47 Gold Mining
15:25 Wheelbarrow
20:37 Castle Age
19:09 Forging
21:30 Pikeman
21:55 Gambesons
22:14 Squires
22:02 Arson
23:27 Bow Saw
24:53 Masonry
25:47 Stone Shaft Mining
25:18 Caravan
26:41 Scale Mail Armor
27:17 Iron Casting
29:13 Fortified Wall
30:41 Heavy Plow
31:06 Chain Mail Armor
30:44 Fletching
37:50 Imperial Age
40:27 Blast Furnace
39:32 Halberdier
41:49 Crop Rotation
46:14 Scale Barding Armor
47:13 Blast Furnace
45:39 Cavalier
46:30 Bloodlines
48:06 Plate Mail Armor
Rasmus Højlund
E-d-d-i-e91G
9:41 Feudal Age
11:35 Wheelbarrow
13:01 Loom
13:03 Town Watch
17:12 Man-at-Arms
24:17 Castle Age
25:33 Horse Collar
25:50 Double-Bit Axe
28:07 Scale Barding Armor
28:13 Caravan
28:45 Coinage
29:00 Heavy Plow
29:25 Gold Mining
30:04 Bow Saw
32:18 Hand Cart
33:32 Fletching
37:01 Chain Barding Armor
36:53 Forging
39:08 Iron Casting
45:05 Bloodlines
44:56 Husbandry
45:48 Ballistics
46:28 Thumb Ring
46:35 Town Patrol
47:52 Pikeman
48:20 Arson
48:36 Squires
48:23 Gambesons
52:52 Imperial Age
52:35 Stone Mining
53:35 Cavalier
57:28 Stone Shaft Mining
56:25 Heavy Cavalry Archer
59:40 Plate Barding Armor
61:00 Blast Furnace
65:45 Paladin
69:50 Sappers
71:01 Masonry
70:45 Guard Tower
70:58 Bodkin Arrow
72:32 Light Cavalry
mxmauchjob
7:53 Feudal Age
9:04 Loom
12:26 Castle Age
11:37 Double-Bit Axe
11:35 Horse Collar
20:34 Forging
26:27 Imperial Age
24:45 Wheelbarrow
24:40 Stone Mining
24:41 Gold Mining
25:17 Ballistics
25:15 Bloodlines
25:06 Husbandry
25:44 Husbandry
26:12 Fletching
26:22 Padded Archer Armor
26:36 Light Cavalry
26:50 Elite Skirmisher
28:23 Leather Archer Armor
28:04 Bodkin Arrow
29:26 Hussar
30:21 Thumb Ring
32:13 Iron Casting
31:44 Scale Barding Armor
31:41 Bracer
34:56 Chemistry
35:33 Blast Furnace
34:37 Scale Mail Armor
35:45 Chain Barding Armor
39:36 Plate Barding Armor
39:16 Chain Mail Armor
IAMASTROMAN9714
13:40 Feudal Age
18:00 Wheelbarrow
20:02 Castle Age
19:11 Horse Collar
19:21 Double-Bit Axe
19:30 Gold Mining
20:47 Heavy Plow
23:11 Wheelbarrow
24:29 Hand Cart
27:53 Gold Shaft Mining
28:36 Caravan
29:08 Coinage
31:13 Imperial Age
28:09 Man-at-Arms
29:48 Forging
29:42 Scale Mail Armor
33:57 Iron Casting
33:38 Chain Mail Armor
33:29 Scale Barding Armor
33:41 Long Swordsman
35:12 Sanctity
35:08 Bow Saw
36:12 Husbandry
36:40 Cavalier
38:59 Guilds
43:04 Paladin
46:43 Two-Handed Swordsman
49:42 Chain Barding Armor
50:24 Blast Furnace
52:50 Two-Man Saw
52:24 Fervor
52:55 Plate Barding Armor
60:50 Bloodlines
60:50 Squires
60:44 Heavy Cavalry Archer
60:51 Crossbowman
62:36 Parthian Tactics
62:29 Marauders
62:10 Elite Tarkan
EstosMancosyYo
7:53 Feudal Age
8:01 Feudal Age
9:14 Loom
9:41 Double-Bit Axe
10:03 Horse Collar
11:31 Wheelbarrow
14:20 Forging
14:10 Scale Mail Armor
17:48 Castle Age
16:15 Loom
18:43 Bow Saw
18:37 Heavy Plow
19:42 Hand Cart
21:40 Iron Casting
26:56 Imperial Age
27:11 Imperial Age
26:58 Chain Mail Armor
27:00 Squires
26:22 Champi Runner
26:27 Pikeman
27:50 Arson
27:26 Champi Runner
31:03 Plate Mail Armor
31:33 Blast Furnace
31:11 Crop Rotation
30:40 Champi Warrior
33:40 Blast Furnace
34:25 Fabric Shields
35:13 Halberdier
42:06 Elite Champi Warrior
44:12 Chemistry
46:07 Heavy Scorpion
47:33 Elite Skirmisher
48:22 Andean Sling
47:46 Elite Kamayuk
48:48 Conscription
63:59 Caravan
64:40 Coinage
Connection lost

Rejoining the realm…

Still unreachable

The connection could not be restored.

Session expired

The server has moved on; the page needs a fresh start.